| TOP OF THE 1ST |
|
Harrisburg Senators batting - Pitching for Tulsa Drillers : RHP Juan Hurtado
|
|
Pitching: RHP Juan Hurtado
|
|
|
Batting: SHB Dan Castaneda
|
0-0: Ball 1-0: Foul Ball, location: 2F 1-1: Ball 2-1: Foul Ball, location: 2F 2-2: Foul Ball, location: 2F 2-2: Strikes out looking
|
|
Batting: RHB Ryan Hiemer
|
0-0: Called Strike 0-1: Swinging Strike 0-2: Strikes out looking
|
|
Batting: RHB Jim Miske
|
0-0: SOLO HOME RUN (Flyball, 7LD, EV 92.5 MPH), Distance : 339 ft
|
|
Batting: LHB Kyung-jin Cho
|
0-0: Ball 1-0: Ball 2-0: Ball 3-0: Foul Ball, location: 2F 3-1: SINGLE (Line Drive, 56D, EV 105.6 MPH)
|
|
Batting: RHB Slavik Nebrodov
|
0-0: Ball 1-0: Fly out, F6 (Popup, P, EV 82.5 MPH)
|
| Top of the 1st over - 1 run, 2 hits, 0 errors, 1 left on base; Harrisburg 1 - Tulsa 0 |
| BOTTOM OF THE 1ST |
|
Tulsa Drillers batting - Pitching for Harrisburg Senators : RHP Travis Hardin
|
|
Pitching: RHP Travis Hardin
|
|
|
Batting: RHB Sam Saunders
|
0-0: Ball 1-0: Ball 2-0: Called Strike 2-1: Called Strike 2-2: Foul Ball, location: 2F 2-2: Foul Ball, location: 2F 2-2: SINGLE (Groundball, 6MD, EV 97.5 MPH)
|
|
Batting: SHB Shane Marcum
|
0-0: Ball Sam Saunders steals 2nd base 1-0: Fly out, F9 (Line Drive, 9D, EV 85.6 MPH) Runner from 2nd tags up, SAFE at 3rd, no throw by RF
|
|
Batting: LHB Chris Fandino
|
0-0: Ball 1-0: Ball 2-0: Ball 3-0: Foul Ball, location: 2F 3-1: Fly out, F6 (Popup, 6S, EV 73.1 MPH)
|
|
Batting: LHB Steve Pond
|
0-0: Called Strike 0-1: Ball 1-1: Ball 2-1: Foul Ball, location: 2F 2-2: Fly out, F9 (Flyball, 89S, EV 90.6 MPH)
|
| Bottom of the 1st over - 0 runs, 1 hit, 0 errors, 1 left on base; Harrisburg 1 - Tulsa 0 |
| TOP OF THE 2ND |
|
Harrisburg Senators batting - Pitching for Tulsa Drillers : RHP Juan Hurtado
|
|
Batting: LHB Nate Melendez
|
0-0: Ball 1-0: Ground out 1-3 (Groundball, 13S, EV 73.1 MPH)
|
|
Batting: RHB Donovan Auclair
|
0-0: Swinging Strike 0-1: Fly out, F8 (Line Drive, 89M, EV 94.4 MPH)
|
|
Batting: RHB John McNeill
|
0-0: Ground out 5-3 (Groundball, 56, EV 106.2 MPH)
|
| Top of the 2nd over - 0 runs, 0 hits, 0 errors, 0 left on base; Harrisburg 1 - Tulsa 0 |
| BOTTOM OF THE 2ND |
|
Tulsa Drillers batting - Pitching for Harrisburg Senators : RHP Travis Hardin
|
|
Batting: RHB Curt Earnest
|
0-0: Called Strike 0-1: Ball 1-1: Swinging Strike 1-2: Foul Ball, location: 2F 1-2: Fly out, F7 (Flyball, 78M, EV 86.2 MPH)
|
|
Batting: RHB John Piccolo
|
0-0: Called Strike 0-1: Ball 1-1: Foul Ball, location: 2F 1-2: Ball 2-2: Foul Ball, location: 2F 2-2: Foul Ball, location: 2F 2-2: Foul Ball, location: 2F 2-2: Foul Ball, location: 2F 2-2: Ground out 4-3 (Groundball, 4, EV 98.1 MPH)
|
|
Batting: SHB Xavier Alaniz
|
0-0: Called Strike 0-1: Ball 1-1: Called Strike 1-2: Ball 2-2: SINGLE (Line Drive, 89S, EV 93.8 MPH)
|
|
Batting: RHB Mike Plugge
|
0-0: Ground out 3-1 (Groundball, 34S, EV 91.9 MPH)
|
| Bottom of the 2nd over - 0 runs, 1 hit, 0 errors, 1 left on base; Harrisburg 1 - Tulsa 0 |
| TOP OF THE 3RD |
|
Harrisburg Senators batting - Pitching for Tulsa Drillers : RHP Juan Hurtado
|
|
Batting: RHB Josh Lykins
|
0-0: Swinging Strike 0-1: Swinging Strike 0-2: Strikes out swinging
|
|
Batting: SHB Dan Castaneda
|
0-0: Swinging Strike 0-1: Foul Ball, location: 2F 0-2: Ball 1-2: Ball 2-2: DOUBLE (Line Drive, 9LM, EV 101.9 MPH)
|
|
Batting: RHB Ryan Hiemer
|
0-0: Ball 1-0: Fly out, F9 (Flyball, 89M, EV 92.5 MPH) Runner from 2nd tags up, SAFE at 3rd with throw by RF
|
|
Batting: RHB Jim Miske
|
0-0: Ball 1-0: Foul Ball, location: 2F 1-1: Ball 2-1: Foul Ball, location: 2F 2-2: Ball 3-2: Base on Balls
|
|
Batting: LHB Kyung-jin Cho
|
0-0: Ball 1-0: Ball 2-0: Foul Ball, location: 2F 2-1: Ball 3-1: Called Strike 3-2: Base on Balls Jim Miske to second
|
|
Batting: RHB Slavik Nebrodov
|
0-0: Ball 1-0: Foul Ball, location: 2F 1-1: Ball 2-1: Called Strike 2-2: Strikes out swinging
|
| Top of the 3rd over - 0 runs, 1 hit, 0 errors, 3 left on base; Harrisburg 1 - Tulsa 0 |
| BOTTOM OF THE 3RD |
|
Tulsa Drillers batting - Pitching for Harrisburg Senators : RHP Travis Hardin
|
|
Batting: RHB Tony Reyna
|
0-0: Ball 1-0: Swinging Strike 1-1: Ball 2-1: Ball 3-1: Ground out 4-3 (Groundball, 4, EV 106.2 MPH)
|
|
Batting: RHB Sam Saunders
|
0-0: Swinging Strike 0-1: Swinging Strike 0-2: Ball 1-2: Strikes out looking
|
|
Batting: SHB Shane Marcum
|
0-0: Ball 1-0: Swinging Strike 1-1: Ground out 4-3 (Groundball, 4, EV 100.6 MPH)
|
| Bottom of the 3rd over - 0 runs, 0 hits, 0 errors, 0 left on base; Harrisburg 1 - Tulsa 0 |
| TOP OF THE 4TH |
|
Harrisburg Senators batting - Pitching for Tulsa Drillers : RHP Juan Hurtado
|
|
Batting: LHB Nate Melendez
|
0-0: Ball 1-0: Called Strike 1-1: Ball 2-1: Swinging Strike 2-2: Ball 3-2: Base on Balls
|
|
Batting: RHB Donovan Auclair
|
0-0: Ball 1-0: Ball 2-0: Foul Ball, location: 2F 2-1: Ball 3-1: Base on Balls Nate Melendez to second
|
|
Batting: RHB John McNeill
|
0-0: Swinging Strike 0-1: Fly out, F8 (Line Drive, 78D, EV 95.6 MPH)
|
|
Batting: RHB Josh Lykins
|
0-0: Called Strike 0-1: Foul Ball, location: 2F 0-2: Foul Ball, location: 2F 0-2: Grounds into double play, 4-6-3 (Groundball, 4M, EV 81.9 MPH)
|
| Top of the 4th over - 0 runs, 0 hits, 0 errors, 1 left on base; Harrisburg 1 - Tulsa 0 |
| BOTTOM OF THE 4TH |
|
Tulsa Drillers batting - Pitching for Harrisburg Senators : RHP Travis Hardin
|
|
Batting: LHB Chris Fandino
|
0-0: Foul Ball, location: 2F 0-1: Ball 1-1: Foul Ball, location: 2F 1-2: Ball 2-2: Ball 3-2: Fly out, F7 (Flyball, 8LM, EV 85.6 MPH)
|
|
Batting: LHB Steve Pond
|
0-0: Called Strike 0-1: Ball 1-1: Ball 2-1: Foul Ball, location: 2F 2-2: Ball 3-2: Base on Balls
|
|
Batting: RHB Curt Earnest
|
0-0: Called Strike 0-1: Called Strike 0-2: Ball 1-2: Ball 2-2: Foul Ball, location: 2F 2-2: Ball 3-2: Foul Ball, location: 2F 3-2: Foul Ball, location: 2F 3-2: DOUBLE (Line Drive, 89D, EV 106.2 MPH) Steve Pond to third Runner from 3rd tries for Home, SAFE, throw by CF to home
|
|
Batting: RHB John Piccolo
|
0-0: Ball 1-0: Ball 2-0: Ball 3-0: Called Strike 3-1: Ground out 6-3 (Groundball, 6, EV 85.6 MPH) Curt Earnest to third
|
|
Batting: SHB Xavier Alaniz
|
0-0: Called Strike 0-1: Ground out 4-3 (Groundball, 4, EV 90.0 MPH)
|
| Bottom of the 4th over - 1 run, 1 hit, 0 errors, 1 left on base; Harrisburg 1 - Tulsa 1 |
| TOP OF THE 5TH |
|
Harrisburg Senators batting - Pitching for Tulsa Drillers : RHP Juan Hurtado
|
|
Batting: SHB Dan Castaneda
|
0-0: Called Strike 0-1: Ball 1-1: Foul Ball, location: 2F 1-2: Strikes out swinging
|
|
Batting: RHB Ryan Hiemer
|
0-0: Foul Ball, location: 2F 0-1: Called Strike 0-2: Foul Ball, location: 2F 0-2: Strikes out swinging, 2-3 out at first.
|
|
Batting: RHB Jim Miske
|
0-0: Foul Ball, location: 2F 0-1: Ball 1-1: Swinging Strike 1-2: Ball 2-2: Ball 3-2: Foul Ball, location: 2F 3-2: Foul Ball, location: 2F 3-2: Foul Ball, location: 2F 3-2: Base on Balls
|
|
Batting: LHB Kyung-jin Cho
|
0-0: Ball 1-0: Ball 2-0: Called Strike 2-1: Ball 3-1: Base on Balls Jim Miske to second
|
|
Batting: RHB Slavik Nebrodov
|
0-0: Foul Ball, location: 2F 0-1: Ball 1-1: Fly out, F8 (Flyball, 8RXD, EV 88.8 MPH)
|
| Top of the 5th over - 0 runs, 0 hits, 0 errors, 2 left on base; Harrisburg 1 - Tulsa 1 |
| BOTTOM OF THE 5TH |
|
Tulsa Drillers batting - Pitching for Harrisburg Senators : RHP Travis Hardin
|
|
Batting: RHB Mike Plugge
|
0-0: Ground out 4-3 (Groundball, 4, EV 89.4 MPH)
|
|
Batting: RHB Tony Reyna
|
0-0: Ball 1-0: Ground out 6-3 (Groundball, 6, EV 83.8 MPH)
|
|
Batting: RHB Sam Saunders
|
0-0: Ball 1-0: Called Strike 1-1: Ball 2-1: Foul Ball, location: 2F 2-2: Ball 3-2: Fly out, F7 (Flyball, 78D, EV 88.8 MPH)
|
| Bottom of the 5th over - 0 runs, 0 hits, 0 errors, 0 left on base; Harrisburg 1 - Tulsa 1 |
| TOP OF THE 6TH |
|
Harrisburg Senators batting - Pitching for Tulsa Drillers : RHP Juan Hurtado
|
|
Batting: LHB Nate Melendez
|
0-0: Ball 1-0: Ball 2-0: Called Strike 2-1: Called Strike 2-2: Strikes out looking
|
|
Batting: RHB Donovan Auclair
|
0-0: Called Strike 0-1: SINGLE (Line Drive, 34, EV 98.8 MPH)
|
|
Batting: RHB John McNeill
|
0-0: Ball Balk! Donovan Auclair to second 1-0: Ground out 6-3 (Groundball, 6, EV 84.4 MPH) Donovan Auclair to third
|
|
Batting: RHB Josh Lykins
|
0-0: Swinging Strike 0-1: Foul Ball, location: 2F Balk! Donovan Auclair scores 0-2: Ball 1-2: Ball 2-2: Foul Ball, location: 2F 2-2: Foul Ball, location: 2F 2-2: SINGLE (Groundball, 56D, EV 100.6 MPH)
|
|
Pitching: LHP Jake Hall
|
|
|
Batting: SHB Dan Castaneda
|
0-0: Called Strike 0-1: Ball Pickoff Throw to First - Out! 1-3 CS
|
| Top of the 6th over - 1 run, 2 hits, 0 errors, 0 left on base; Harrisburg 2 - Tulsa 1 |
| BOTTOM OF THE 6TH |
|
Tulsa Drillers batting - Pitching for Harrisburg Senators : RHP Travis Hardin
|
|
Batting: SHB Shane Marcum
|
0-0: Ball 1-0: Ball 2-0: Ball 3-0: Base on Balls
|
|
Pitching: RHP Chris Close
|
|
|
Batting: LHB Chris Fandino
|
0-0: Ball 1-0: Ball 2-0: Ball 3-0: Base on Balls Shane Marcum to second
|
|
Pitching: LHP Kyle Bachman
|
|
|
Pinch Hitting: RHB Seth Tramontano
|
0-0: Ball 1-0: Fly out, F7 (Flyball, 7, EV 80.6 MPH)
|
|
Batting: RHB Curt Earnest
|
0-0: Ball 1-0: Ball 2-0: Called Strike 2-1: Swinging Strike Passed Ball! Shane Marcum to third Chris Fandino to second 2-2: Ball 3-2: Base on Balls
|
|
Batting: RHB John Piccolo
|
0-0: Called Strike 0-1: Called Strike 0-2: Ball 1-2: Foul Ball, location: 2F 1-2: DOUBLE (Line Drive, 8RXD, EV 106.2 MPH) Shane Marcum scores Chris Fandino scores Curt Earnest to third
|
|
Batting: SHB Xavier Alaniz
|
0-0: Ground out 4-3 (Groundball, 4, EV 88.1 MPH)
|
|
Batting: RHB Mike Plugge
|
0-0: Called Strike 0-1: Ball 1-1: SINGLE (Line Drive, 3D, EV 107.5 MPH) Curt Earnest scores John Piccolo to third
|
|
Batting: RHB Tony Reyna
|
0-0: Called Strike 0-1: Ball 1-1: Foul Ball, location: 2F 1-2: Foul Ball, location: 2F 1-2: Strikes out swinging
|
| Bottom of the 6th over - 3 runs, 2 hits, 0 errors, 2 left on base; Harrisburg 2 - Tulsa 4 |
| TOP OF THE 7TH |
|
Harrisburg Senators batting - Pitching for Tulsa Drillers : LHP Jake Hall
|
|
Now in LF: Seth Tramontano
|
|
|
Batting: SHB Dan Castaneda
|
0-0: Foul Ball, location: 2F 0-1: Ball 1-1: Called Strike 1-2: Strikes out swinging
|
|
Batting: RHB Ryan Hiemer
|
0-0: Ball 1-0: Ball 2-0: Ball 3-0: Base on Balls
|
|
Batting: RHB Jim Miske
|
0-0: Ball 1-0: SINGLE (Groundball, 6D, EV 96.9 MPH) Ryan Hiemer to second
|
|
Batting: LHB Kyung-jin Cho
|
0-0: Ball 1-0: Ball 2-0: Ball 3-0: Foul Ball, location: 2F 3-1: Called Strike 3-2: SINGLE (Groundball, 25, EV 61.9 MPH) (infield hit) Ryan Hiemer to third Jim Miske to second
|
|
Batting: RHB Slavik Nebrodov
|
0-0: Ball 1-0: Ball 2-0: DOUBLE (Flyball, 8RXD, EV 94.4 MPH) Ryan Hiemer scores Jim Miske scores Kyung-jin Cho to third Runner from 3rd tries for Home, SAFE, no throw by CF
|
|
Batting: LHB Nate Melendez
|
0-0: Hit by Pitch
|
|
Pitching: RHP Jorge Mora
|
|
|
Batting: RHB Donovan Auclair
|
0-0: Ball 1-0: Called Strike 1-1: Called Strike 1-2: Strikes out swinging
|
|
Batting: RHB John McNeill
|
0-0: Ball 1-0: Foul Ball, location: 2F 1-1: Foul Ball, location: 2F 1-2: Strikes out swinging
|
| Top of the 7th over - 3 runs, 3 hits, 0 errors, 2 left on base; Harrisburg 5 - Tulsa 4 |
| BOTTOM OF THE 7TH |
|
Tulsa Drillers batting - Pitching for Harrisburg Senators : LHP Kyle Bachman
|
|
Pitching: LHP Jose Torres
|
|
|
Batting: RHB Sam Saunders
|
0-0: Called Strike 0-1: Ground out 6-3 (Groundball, 6, EV 85.0 MPH)
|
|
Batting: SHB Shane Marcum
|
0-0: Called Strike 0-1: Foul Ball, location: 2F 0-2: Strikes out swinging
|
|
Batting: RHB Terry Jarrells
|
0-0: Ball 1-0: Ball 2-0: Ball 3-0: Base on Balls
|
|
Batting: RHB Seth Tramontano
|
0-0: Foul Ball, location: 2F 0-1: Foul Ball, location: 2F 0-2: Ball 1-2: Ground out 5-3 (Groundball, 56S, EV 83.8 MPH)
|
| Bottom of the 7th over - 0 runs, 0 hits, 0 errors, 1 left on base; Harrisburg 5 - Tulsa 4 |
| TOP OF THE 8TH |
|
Harrisburg Senators batting - Pitching for Tulsa Drillers : RHP Jorge Mora
|
|
Pitching: RHP Adonis Loyd
|
|
|
Batting: RHB Josh Lykins
|
0-0: Called Strike 0-1: Ball 1-1: Ground out 6-3 (Groundball, 56, EV 103.8 MPH)
|
|
Batting: SHB Dan Castaneda
|
0-0: Called Strike 0-1: Ball 1-1: Called Strike 1-2: Strikes out swinging
|
|
Batting: RHB Ryan Hiemer
|
0-0: Ball 1-0: Ball 2-0: Called Strike 2-1: Ball 3-1: Base on Balls
|
|
Batting: RHB Jim Miske
|
0-0: Called Strike 0-1: Swinging Strike 0-2: Fly out, F8 (Line Drive, 8LD, EV 90.0 MPH)
|
| Top of the 8th over - 0 runs, 0 hits, 0 errors, 1 left on base; Harrisburg 5 - Tulsa 4 |
| BOTTOM OF THE 8TH |
|
Tulsa Drillers batting - Pitching for Harrisburg Senators : LHP Jose Torres
|
|
Batting: RHB Curt Earnest
|
0-0: Ball 1-0: SINGLE (Line Drive, 78S, EV 100.0 MPH)
|
|
Pitching: RHP Alex Vasquez
|
|
|
Pinch Hitting: LHB Jose Robles
|
0-0: Called Strike 0-1: Foul Ball, location: 2F 0-2: Foul Ball, location: 2F 0-2: Foul Ball, location: 2F 0-2: Foul Ball, location: 2F 0-2: Hit by Pitch Curt Earnest to second
|
|
Batting: SHB Xavier Alaniz
|
0-0: Swinging Strike 0-1: Ball 1-1: Fly out, F8 (Line Drive, 8RM, EV 90.0 MPH)
|
|
Pinch Hitting: LHB Hyoji Toda
|
0-0: Ball 1-0: Ball 2-0: Ball 3-0: Called Strike 3-1: SINGLE (Groundball, 4D, EV 100.0 MPH) Curt Earnest to third Jose Robles to second Runner from 3rd tries for Home, SAFE, throw by RF to home
|
|
Pinch Hitting: LHB Mike Staley
|
0-0: Ball 1-0: Called Strike 1-1: Ball 2-1: Ball 3-1: DOUBLE (Line Drive, 89D, EV 111.2 MPH) Jose Robles scores Hyoji Toda to third
|
|
Pitching: RHP Jason Beck
|
|
|
Batting: RHB Sam Saunders
|
0-0: Ball 1-0: Foul Ball, location: 2F 1-1: Called Strike 1-2: Ball 2-2: Ball 3-2: Fly out, F9 (Flyball, 89M, EV 85.6 MPH) Runner from 3rd tags up, SCORES, no throw by RF
|
|
Batting: SHB Shane Marcum
|
0-0: Intentional Walk
|
|
Batting: RHB Terry Jarrells
|
0-0: Ball 1-0: Called Strike 1-1: SINGLE (Line Drive, 56D, EV 96.9 MPH) Mike Staley to third Shane Marcum to second Runner from 3rd tries for Home, SAFE, throw by LF to home
|
|
Batting: RHB Seth Tramontano
|
0-0: Ball 1-0: Ball 2-0: Swinging Strike 2-1: Ball 3-1: Foul Ball, location: 2F 3-2: Strikes out looking
|
| Bottom of the 8th over - 4 runs, 4 hits, 0 errors, 2 left on base; Harrisburg 5 - Tulsa 8 |
| TOP OF THE 9TH |
|
Harrisburg Senators batting - Pitching for Tulsa Drillers : RHP Adonis Loyd
|
|
Pitching: RHP Craig Fallon
|
|
|
Now at 1B: John Manocchio
|
|
|
Now at 3B: Steve Perez
|
|
|
Now at SS: Jerry Sanchez
|
|
|
Batting: LHB Kyung-jin Cho
|
0-0: SINGLE (Line Drive, 8RS, EV 96.2 MPH)
|
|
Batting: RHB Slavik Nebrodov
|
0-0: Ball 1-0: Foul Ball, location: 2F 1-1: Ball 2-1: Ball 3-1: Base on Balls Kyung-jin Cho to second
|
|
Batting: LHB Nate Melendez
|
0-0: Called Strike 0-1: Ball 1-1: SINGLE (Groundball, 4D, EV 109.4 MPH) Kyung-jin Cho to third Slavik Nebrodov to second
|
|
Pinch Hitting: LHB Shinji Adachi
|
0-0: Called Strike 0-1: Ball 1-1: Foul Ball, location: 2F 1-2: Strikes out swinging
|
|
Batting: RHB John McNeill
|
0-0: DOUBLE (Line Drive, 89D, EV 106.2 MPH) Kyung-jin Cho scores Slavik Nebrodov scores Nate Melendez to third Runner from 3rd tries for Home, SAFE, throw by CF to trailing runner, SAFE at third!
|
|
Pinch Hitting: SHB Alex Medina
|
0-0: Ball 1-0: Fly out, F9 (Flyball, 9S, EV 96.9 MPH) Runner from 3rd tags up, OUT at HOME! 9-2
|
| Top of the 9th over - 3 runs, 3 hits, 0 errors, 0 left on base; Harrisburg 8 - Tulsa 8 |
| BOTTOM OF THE 9TH |
|
Tulsa Drillers batting - Pitching for Harrisburg Senators : RHP Jason Beck
|
|
Pitching: LHP Kerry Baty
|
|
|
Now at C: Alex Medina
|
|
|
Now at 1B: Shinji Adachi
|
|
|
Batting: RHB Curt Earnest
|
0-0: Swinging Strike 0-1: Ball 1-1: Ball 2-1: Foul Ball, location: 2F 2-2: SINGLE (Groundball, 6D, EV 94.4 MPH)
|
|
Batting: RHB John Manocchio
|
0-0: Ball Pickoff Throw to First - Error! E1 Curt Earnest to second 1-0: Intentional Walk
|
|
Batting: SHB Xavier Alaniz
|
0-0: 3-RUN HOME RUN (Flyball, 78XD, EV 103.8 MPH), Distance : 405 ft
|
| Bottom of the 9th over - 3 runs, 2 hits, 1 error, 0 left on base; Harrisburg 8 - Tulsa 11 |
|